 Dungeon Crawl Stone Soup version 0.28-a0-1142-gc8569940dd (webtiles) character file.

Game seed: 4447112501259763452

70 Peloso the Covered (level 4, 0/40 HPs)
             Began as a Minotaur Fighter on Dec 13, 2021.
             Slain by Duvessa (7 damage)
             ... on level 4 of the Dungeon.
             The game lasted 00:01:35 (1356 turns).

Peloso the Covered (Minotaur Fighter)               Turns: 1356, Time: 00:01:36

Health: 0/40       AC:  7    Str: 20    XL:     4   Next: 3%
Magic:  3/3        EV:  9    Int:  5    God:
Gold:   24         SH:  5    Dex: 12    Spells: 3/3 levels left

rFire   . . .      SeeInvis .   a - +0 long sword
rCold   . . .      Faith    .   c - +0 buckler
rNeg    . . .      Spirit   .   b - +0 scale mail
rPois   .          Reflect  .   (helmet restricted)
rElec   .          Harm     .   (no cloak)
rCorr   .          Rampage  .   (no gloves)
Will    .....                   (no boots)
Stlth   ..........              (no amulet)
HPRegen 0.13/turn               (no ring)
MPRegen 0.08/turn               (no ring)

@: mighty
A: horns 2, retaliatory headbutt
a: no special abilities


You were on level 4 of the Dungeon.
You visited 1 branch of the dungeon, and saw 3 of its levels.

You collected 24 gold pieces.

Inventory:

Hand Weapons
 a - a +0 long sword (weapon)
Armour
 b - a +0 scale mail (worn)
 c - a +0 buckler (worn)
Jewellery
 i - a +6 ring of dexterity
Scrolls
 e - 3 scrolls of enchant weapon {unknown}
 f - a scroll of immolation {unknown}
 g - a scroll of identify {unknown}
Potions
 h - 2 potions of curing {unknown}


   Skills:
 + Level 4.1 Fighting
 + Level 3.2 Long Blades
 + Level 4.7 Armour
 + Level 0.1 Dodging
 + Level 0.1 Stealth
 + Level 4.1 Shields


You had 3 spell levels left.
You didn't know any spells.
Your spell library contained the following spells:

 Spells                   Type           Power      Damage    Failure   Level
 Static Discharge         Conj/Air       0%         N/A       91%         2
 Conjure Flame            Conj/Fire      0%         6-21      99%         3
 Ignite Poison            Fire/Tmut/Pois 0%         N/A       99%         3
 Sticky Flame             Conj/Fire      0%         2d3       100%        4
 Lightning Bolt           Conj/Air       0%         1d11      100%        5
 Maxwell's Capacitive Co  Air            0%         ∞         100%        8


Dungeon Overview and Level Annotations

Branches:
Dungeon (2/15)

Altars:
Cheibriados

Annotations:
D:4 Dowan, Duvessa


Innate Abilities, Weirdness & Mutations

You have a pair of horns on your head.
You reflexively headbutt those who attack you in melee.


Message History

a +0 hand axe; a +0 ring mail; an orc corpse
h - 2 green potions (gained 1) Duvessa, Sister of Dowan comes into view.
She is wielding a +0 short sword and wearing a +2 ring mail of poison resistance.
Duvessa shouts!
You hear a shout!
Duvessa is nearby!
You hit Duvessa.
Duvessa is lightly wounded.
Duvessa hits you with a +0 short sword.
You hit Duvessa.
Duvessa is lightly wounded.
You block Duvessa's attack.
You hit Duvessa. You headbutt Duvessa, but do no damage.
Duvessa is moderately wounded.
Duvessa closely misses you. Duvessa hits you with a +0 short sword!
You slash Duvessa!
Duvessa is heavily wounded.
Duvessa closely misses you.
You closely miss Duvessa. Your headbutt misses Duvessa.
Duvessa is heavily wounded.
Duvessa hits you with a +0 short sword.
You hit Duvessa but do no damage. Your headbutt misses Duvessa.
Duvessa is heavily wounded.
Dowan, Brother of Duvessa comes into view.
He is wielding a +0 dagger.
Duvessa hits you with a +0 short sword.
You barely miss Duvessa.
Duvessa is heavily wounded.
Dowan shouts!
You block Duvessa's attack. Duvessa hits you with a +0 short sword!
You hit Duvessa but do no damage. Your headbutt misses Duvessa.
Duvessa is heavily wounded.
Duvessa barely misses you.
You slash Duvessa! You headbutt Duvessa, but do no damage.
Duvessa is severely wounded.
Duvessa hits you with a +0 short sword!
You feel very mighty all of a sudden. Dowan gestures at you while chanting.
The puff of flame hits you!
* * * LOW HITPOINT WARNING * * *
Duvessa hits you with a +0 short sword!
You die...

#.....).........#..
#.......#####...#e.
#..................
#..................
########...........
#...............
##............#
..........######...
...........e@.......
...........e........
....................
....................
###......#########.
....##.# .... #. ..
..


You could see Duvessa and Dowan.

Vanquished Creatures
  A gnoll (D:1)
  3 adders (D:2)
  A dart slug (D:1)
  An orc (D:4)
  3 ball pythons (D:1)
  3 bats
  An endoplasm (D:2)
  A giant cockroach (D:1)
  7 goblins
  A hobgoblin (D:2)
  3 kobolds
  A quokka (D:1)
  A frilled lizard (D:1)
  5 rats
32 creatures vanquished.

Notes
Turn   | Place    | Note
-------+----------+-------------------------------------------
     0 | D:1      | Peloso the Minotaur Fighter began the quest for the Orb.
     0 | D:1      | Reached XP level 1. HP: 19/19 MP: 0/0
   148 | D:1      | Reached XP level 2. HP: 17/27 MP: 1/1
   572 | D:1      | Reached XP level 3. HP: 32/33 MP: 2/2
  1291 | D:2      | You fall into a shaft and drop 2 floors!
  1297 | D:4      | Reached XP level 4. HP: 40/40 MP: 3/3
  1310 | D:4      | Found a snail-covered altar of Cheibriados.
  1339 | D:4      | Noticed Duvessa
  1352 | D:4      | Noticed Dowan
  1356 | D:4      | Slain by Duvessa

Illustrated notes

Levels and vault maps discovered:
D:1:      lightli_arrival_maybe_door_vault, layout_basic
D:2:      layout_rooms
D:4:      layout_basic, mainiacjoe_overflow_24_doors, zin_purify, uniq_duvessa,
          uniq_grinder, uniq_sigmund, uniq_edmund

Skill      XL: |  1  2  3 |
---------------+----------+-----
Shields        | 4 |  4.1
Armour         | 4 |  4.7
Fighting       | 4 |  4.1
Long Blades    | 3 |  3.2
Dodging        | |  0.1
Stealth        | |  0.1

Action                   |  1- 3 |  4- 6 || total
-------------------------+-------+-------++-------
Melee: Long sword        |    69 |    10 ||    79
       Headbutt          |     7 |     2 ||     9
  Use: Potion            |       |     1 ||     1
Armor: Scale mail        |    37 |       ||    37
Dodge: Dodged            |    28 |     3 ||    31
Block: Buckler           |    16 |     2 ||    18

Table legend: (Time is in decaauts)
 A = Elapsed time spent in this place.
 B = Non-inter-level travel time spent in this place.
 C = Inter-level travel time spent in this place.
 D = Time resting spent in this place.
 E = Time spent auto-exploring this place.
 F = Levels seen in this place.
 G = Mean time per level.
                   A        B        C        D        E       F      G
               +--------+--------+--------+--------+--------+-----+--------+
         Total |   1377 |   1359 |     18 |      0 |   1113 |   3 |  459.0 |
       Dungeon |   1377 |   1359 |     18 |      0 |   1113 |   3 |  459.0 |
               +--------+--------+--------+--------+--------+-----+--------+

Top non-repeatable levels by time:
     D:1: 872 daAuts
     D:2: 436 daAuts
     D:4: 68 daAuts
